AoeStats
← Be Quyen

African Clearing

504384616Analyzed
4v4 RM · 2mo ago on Sep 5, 2026· 51m 42s· 8 players
Game mode
Random Map
Map size
Large (8 player)
Population
200
Speed
Normal
Resources
Standard
Victory
Conquest
Starting age
Dark Age
Ending age
Imperial Age
RankedLock teamsTeams togetherTeam positionsShared explorationLock speedFull tech treeHidden civsTurbo modeCheats
Victory
Defeat
🇲🇽 Mongols · Mexico
1592
+11
🇻🇳 Magyars · Vietnam
1547
+13
🇦🇷 Mapuche · Argentina
1512
+14
🇺🇸 Huns · United States
1505
+14
vs
🇨🇱 Poles · Chile
1515
-14
🇺🇸 Magyars · United States
1499
-14
🇲🇽 Maya · Mexico
1496
-14
🇦🇷 Mapuche · Argentina
1392
-10
AZT3K_MASIVESOUL
6:32 Loom
13:48 Feudal Age
17:57 Castle Age
15:45 Double-Bit Axe
16:19 Stone Mining
22:28 Fletching
26:47 Town Watch
31:13 Bow Saw
30:48 Horse Collar
32:43 Wheelbarrow
32:43 Gold Mining
33:53 Hand Cart
36:01 Bodkin Arrow
36:07 Padded Archer Armor
40:17 Imperial Age
39:08 Bloodlines
38:58 Husbandry
39:48 Leather Archer Armor
40:25 Stone Shaft Mining
41:40 Ballistics
41:39 Thumb Ring
41:58 Conscription
42:11 Bracer
42:38 Parthian Tactics
42:45 Elite Mangudai
44:31 Coinage
45:09 Chemistry
49:53 Banking
Eat_Rice
12:36 Feudal Age
12:59 Man-at-Arms
14:02 Double-Bit Axe
16:18 Loom
19:47 Fletching
29:03 Castle Age
29:09 Pikeman
29:49 Squires
abija
4:56 Loom
14:25 Feudal Age
18:10 Castle Age
16:01 Double-Bit Axe
17:37 Fletching
17:47 Padded Archer Armor
18:24 Town Watch
18:54 Bodkin Arrow
25:57 Ballistics
26:43 Wheelbarrow
27:19 Leather Archer Armor
31:34 Horse Collar
32:07 Bow Saw
36:34 Malon
39:30 Gold Mining
39:42 Heavy Plow
44:29 Imperial Age
43:04 Hand Cart
44:32 Elite Bolas Rider
45:43 Ring Archer Armor
46:14 Chemistry
45:39 Conscription
46:20 Gold Shaft Mining
45:35 Stone Mining
46:01 Siege Engineers
46:36 Town Patrol
46:51 Murder Holes
47:52 Butalmapu
49:16 Crop Rotation
49:25 Stone Shaft Mining
Be Quyen
4:11 Loom
13:46 Feudal Age
26:10 Double-Bit Axe
28:05 Horse Collar
37:59 Castle Age
37:59 Gold Mining
40:12 Bow Saw
41:07 Wheelbarrow
43:06 Gold Shaft Mining
47:40 Imperial Age
45:57 Husbandry
46:07 Bloodlines
46:11 Scale Barding Armor
46:33 Hand Cart
47:37 Chain Barding Armor
47:38 Town Watch
48:59 Plate Barding Armor
48:48 Conscription
48:22 Cavalier
51:04 Paladin
BenOFF
5:01 Loom
12:54 Feudal Age
17:21 Castle Age
17:07 Double-Bit Axe
41:16 Bow Saw
43:23 Horse Collar
45:29 Fletching
47:30 Bodkin Arrow
52:04 Heavy Plow
ChiwiredelDesierto
2:55 Loom
12:19 Feudal Age
12:44 Double-Bit Axe
14:33 Town Watch
15:52 Wheelbarrow
21:47 Horse Collar
27:38 Castle Age
28:03 Light Cavalry
28:54 Bloodlines
28:45 Husbandry
29:43 Hand Cart
40:53 Imperial Age
41:15 Scale Barding Armor
41:03 Hussar
43:00 Chain Barding Armor
42:32 Fletching
43:38 Bow Saw
44:36 Plate Barding Armor
43:52 Fletching
46:43 Cavalier
Severo24cm
4:30 Loom
13:04 Feudal Age
14:33 Double-Bit Axe
17:41 Castle Age
20:02 Bow Saw
23:18 Fletching
23:21 Horse Collar
25:08 Padded Archer Armor
27:12 Bodkin Arrow
29:06 Malon
30:54 Leather Archer Armor
35:35 Elite Skirmisher
41:58 Heavy Plow
41:48 Gold Mining
46:17 Ballistics
スターダスト
3:07 Loom
16:15 Feudal Age
23:58 Castle Age
23:43 Bloodlines
24:40 Scale Barding Armor
25:50 Double-Bit Axe
26:38 Forging
27:44 Town Watch
28:33 Stone Mining
31:41 Horse Collar
36:53 Heavy Plow
40:25 Wheelbarrow
40:39 Fletching
41:12 Chain Barding Armor
44:53 Szlachta Privileges
45:02 Husbandry
46:10 Iron Casting
46:49 Gold Mining
49:27 Elite Skirmisher
53:43 Imperial Age
51:20 Padded Archer Armor
51:16 Bodkin Arrow
Connection lost

Rejoining the realm…

Still unreachable

The connection could not be restored.

Session expired

The server has moved on; the page needs a fresh start.